 Dungeon Crawl Stone Soup version 0.28-a0-863-g8cecda6153 (webtiles) character file.

Game seed: 3434027697884200265

359 Crownlay the Firebug (level 6, -3/44 HPs)
             Began as a Gnoll Fire Elementalist on Nov 18, 2021.
             Slain by an ogre (18 damage)
             ... on level 4 of the Dungeon.
             The game lasted 00:06:40 (3552 turns).

Crownlay the Firebug (Gnoll Fire Elementalist)      Turns: 3552, Time: 00:06:40

Health: -3/44      AC:  3    Str:  8    XL:     6   Next: 65%
Magic:  9/14       EV: 13    Int: 16    God:
Gold:   105        SH:  0    Dex: 12    Spells: 8/15 levels left

rFire   + . .      SeeInvis .   e - staff of fire
rCold   . . .      Faith    .   (no shield)
rNeg    . . .      Spirit   .   a - +0 robe
rPois   .          Reflect  .   (no helmet)
rElec   .          Harm     .   (no cloak)
rCorr   .          Rampage  .   (no gloves)
Will    +....                   k - +0 pair of boots
Stlth   +++.......              (no amulet)
HPRegen 0.14/turn               b - ring of willpower
MPRegen 0.14/turn               (no ring)

@: no status effects
A: fangs 1, strong nose, distributed training
a: no special abilities


You were on level 4 of the Dungeon.
You visited 1 branch of the dungeon, and saw 4 of its levels.

You collected 105 gold pieces.

Inventory:

Hand Weapons
 j - a +3 vorpal hand axe
Armour
 a - a +0 robe (worn)
 k - a +0 pair of boots (worn)
Magical Staves
 e - a staff of fire (weapon)
Jewellery
 b - a ring of willpower (left hand)
Scrolls
 g - a scroll of identify {unknown}
 h - a scroll of immolation {unknown}
 l - a scroll of blinking {unknown}
Potions
 c - 3 potions of lignification {unknown}
 d - 2 potions of haste {unknown}
 f - a potion of flight {unknown}
 i - a potion of curing {unknown}
 m - a potion of heal wounds {unknown}


   Skills:
 + Level 2.0 Fighting
 + Level 2.0 Short Blades
 + Level 2.0 Long Blades
 + Level 2.0 Axes
 + Level 2.0 Maces & Flails
 + Level 2.0 Polearms
 + Level 2.0 Staves
 + Level 2.0 Slings
 + Level 2.0 Bows
 + Level 2.0 Crossbows
 + Level 2.0 Throwing
 + Level 2.0 Armour
 + Level 5.0 Dodging
 + Level 4.6 Stealth
 + Level 2.0 Shields
 + Level 2.0 Unarmed Combat
 + Level 5.4 Spellcasting
 + Level 2.7 Conjurations
 + Level 1.6 Hexes
 + Level 1.6 Summonings
 + Level 1.6 Necromancy
 + Level 1.6 Translocations
 + Level 1.6 Transmutations
 + Level 5.7 Fire Magic
 + Level 1.6 Ice Magic
 + Level 1.6 Air Magic
 + Level 1.6 Earth Magic
 + Level 1.6 Poison Magic
 + Level 2.2 Invocations
 + Level 2.0 Evocations


You had 8 spell levels left.
You knew the following spells:

 Your Spells              Type           Power      Damage    Failure   Level
a - Foxfire               Conj/Fire      100%       2x1d9     2%          1
b - Scorch                Fire           66%        2d8       2%          2
c - Flame Wave            Conj/Fire      26%        3d6       26%         4

Your spell library contained the following spells:

 Spells                   Type           Power      Damage    Failure   Level
 Conjure Flame            Conj/Fire      26%        6-21      8%          3
 Inner Flame              Hex/Fire       24%        N/A       10%         3
 Sublimation of Blood     Necr           9%         N/A       12%         2
 Wereblood                Tmut           9%         N/A       12%         2
 Summon Hydra             Summ           4%         N/A       100%        7


Dungeon Overview and Level Annotations

Branches:
Dungeon (4/15)
 Temple: D:4-7

Altars:
Hepliaklqana


Innate Abilities, Weirdness & Mutations

You have very sharp teeth.
Your uncanny sense of smell can sniff out nearby items.
Your experience applies equally to all skills.


Message History

The hound bites you.
An ogre comes into view. It is wielding a +0 giant club.
The hound bites you.
You barely miss the hound.
The hound is lightly wounded.
The hound misses you. The hound barely misses you.
You feel a surge of power!
You conjure some foxfire!
The ogre shouts!
The hound bites you.
Your foxfire dissipates!
The foxfire hits the hound!
The hound is heavily wounded.
The hound bites you.
You feel a surge of power!
You conjure some foxfire!
The hound completely misses you.
The foxfire hits the hound.
The hound is severely wounded.
The hound barely misses you.
The foxfire hits the hound.
The hound is almost dead.
The hound misses you.
You feel a surge of power!
You conjure some foxfire!
The hound misses you.
The foxfire hits the hound.
You kill the hound!
The foxfire hits the ogre!
The ogre is moderately wounded.
You feel a surge of power!
You conjure some foxfire!
The ogre hits you with a +0 giant club!
The foxfire hits the ogre.
The ogre is heavily wounded.
The foxfire hits the ogre!
The ogre is severely wounded.
You are too injured to fight recklessly!
Casting: Foxfire (safe; 2% risk of failure)
Confirm with . or Enter, or press ? or * to list all spells.
You feel a surge of power!
Flames lash the ogre.
The ogre is severely wounded.
The ogre's fire resistance burns away.
The ogre hits you with a +0 giant club!!
You die...

#..#### #.# #..# #.#
#..# #######.# #.†#
#.......# ##.#
#.####### ### #.#
#.###########.#
#.####............##
####.......########.##
#.......##<....§@O.##
#.#####.###....§.##.#
# #.###.####.# #.#
#.....# #.# #..
#.##### #.# .## #.#
#.# # ..# #.# ∆ ###
#.#


You could see an ogre (combustible).

Vanquished Creatures
  A black bear (D:4)
  A hound (D:4)
  2 orc priests (D:3)
  An iguana (D:4)
  3 adders
  4 gnolls (D:2)
  A worm (D:3)
  3 dart slugs
  9 orcs
  9 bats
  8 endoplasms
  A giant cockroach (D:1)
  7 goblins
  6 hobgoblins
  5 kobolds
  6 quokkas (D:1)
  A ball python (D:1)
  A frilled lizard (D:1)
  4 rats
73 creatures vanquished.

Vanquished Creatures (others)
  178 foxfires
178 creatures vanquished.

Grand Total: 251 creatures vanquished

Notes
Turn   | Place    | Note
-------+----------+-------------------------------------------
     0 | D:1      | Crownlay the Gnoll Fire Elementalist began the quest for
                  | the Orb.
     0 | D:1      | Reached XP level 1. HP: 13/13 MP: 6/6
   136 | D:1      | Reached XP level 2. HP: 7/19 MP: 5/7
   356 | D:1      | Found a hazy altar of Hepliaklqana.
   487 | D:1      | Learned a level 2 spell: Scorch
   715 | D:1      | Found a faded altar of an unknown god.
   796 | D:1      | Reached XP level 3. HP: 20/25 MP: 7/9
   810 | D:1      | Reached skill level 5 in Spellcasting
  1398 | D:1      | Reached skill level 1 in Invocations
  1485 | D:2      | Reached skill level 1 in Fighting
  1485 | D:2      | Reached skill level 1 in Short Blades
  1485 | D:2      | Reached skill level 1 in Long Blades
  1485 | D:2      | Reached skill level 1 in Axes
  1485 | D:2      | Reached skill level 1 in Maces & Flails
  1485 | D:2      | Reached skill level 1 in Polearms
  1485 | D:2      | Reached skill level 1 in Staves
  1485 | D:2      | Reached skill level 1 in Slings
  1485 | D:2      | Reached skill level 1 in Bows
  1485 | D:2      | Reached skill level 1 in Crossbows
  1485 | D:2      | Reached skill level 1 in Throwing
  1485 | D:2      | Reached skill level 1 in Armour
  1485 | D:2      | Reached skill level 1 in Shields
  1485 | D:2      | Reached skill level 1 in Unarmed Combat
  1485 | D:2      | Reached skill level 1 in Evocations
  1661 | D:2      | Reached XP level 4. HP: 21/32 MP: 7/11
  1671 | D:2      | Reached skill level 1 in Hexes
  1671 | D:2      | Reached skill level 1 in Summonings
  1671 | D:2      | Reached skill level 1 in Necromancy
  1671 | D:2      | Reached skill level 1 in Translocations
  1671 | D:2      | Reached skill level 1 in Transmutations
  1671 | D:2      | Reached skill level 1 in Ice Magic
  1671 | D:2      | Reached skill level 1 in Air Magic
  1671 | D:2      | Reached skill level 1 in Earth Magic
  1671 | D:2      | Reached skill level 1 in Poison Magic
  2346 | D:3      | Learned a level 4 spell: Flame Wave
  2390 | D:3      | Reached XP level 5. HP: 37/37 MP: 7/12
  3208 | D:4      | Identified a scroll of acquirement
  3208 | D:4      | Acquired a staff of fire
  3233 | D:4      | Reached XP level 6. HP: 44/44 MP: 8/13
  3322 | D:4      | Noticed a black bear
  3331 | D:4      | Killed a black bear
  3332 | D:4      | Reached skill level 5 in Dodging
  3552 | D:4      | Slain by an ogre

Illustrated notes

Levels and vault maps discovered:
D:1:      sevenhm_arrival_forest_fort_small_6, layout_basic,
          ebering_ecumenical_altar_box, grunt_decor_one_mirror, minmay_3d_cube
D:2:      layout_loops_ring
D:3:      layout_rooms
D:4:      layout_loops_ring, chequers_ossuary_entry_cave

Skill      XL: |  1  2  3  4  5  6 |
---------------+-------------------+-----
Conjurations   | 2 |  2.7
Spellcasting   | 5 |  5.4
Invocations    | 1 2 |  2.2
Fighting       | 1 2 |  2.0
Short Blades   | 1 2 |  2.0
Long Blades    | 1 2 |  2.0
Axes           | 1 2 |  2.0
Maces & Flails | 1 2 |  2.0
Polearms       | 1 2 |  2.0
Staves         | 1 2 |  2.0
Slings         | 1 2 |  2.0
Bows           | 1 2 |  2.0
Crossbows      | 1 2 |  2.0
Throwing       | 1 2 |  2.0
Armour         | 1 2 |  2.0
Shields        | 1 2 |  2.0
Unarmed Combat | 1 2 |  2.0
Evocations     | 1 2 |  2.0
Hexes          | 1 |  1.6
Summonings     | 1 |  1.6
Necromancy     | 1 |  1.6
Translocations | 1 |  1.6
Transmutations | 1 |  1.6
Ice Magic      | 1 |  1.6
Air Magic      | 1 |  1.6
Earth Magic    | 1 |  1.6
Poison Magic   | 1 |  1.6
Dodging        | 5 |  5.0
Stealth        | |  4.6
Fire Magic     | |  5.7

Action                   |  1- 3 |  4- 6 || total
-------------------------+-------+-------++-------
Melee: Dagger            |    73 |     1 ||    74
       Bite              |     5 |       ||     5
       Hand axe          |       |     4 ||     4
       Staff             |       |     4 ||     4
 Cast: Foxfire           |    54 |    61 ||   115
       Scorch            |     2 |     5 ||     7
       Flame Wave        |       |     2 ||     2
  Use: Scroll            |       |     3 ||     3
Armor: Robe              |    18 |     8 ||    26
Dodge: Dodged            |    77 |    23 ||   100

Table legend: (Time is in decaauts)
 A = Elapsed time spent in this place.
 B = Non-inter-level travel time spent in this place.
 C = Inter-level travel time spent in this place.
 D = Time resting spent in this place.
 E = Time spent auto-exploring this place.
 F = Levels seen in this place.
 G = Mean time per level.
                   A        B        C        D        E       F      G
               +--------+--------+--------+--------+--------+-----+--------+
         Total |   3550 |   3507 |     43 |      0 |   2954 |   4 |  887.5 |
       Dungeon |   3550 |   3507 |     43 |      0 |   2954 |   4 |  887.5 |
               +--------+--------+--------+--------+--------+-----+--------+

Top non-repeatable levels by time:
     D:1: 1449 daAuts
     D:2: 1097 daAuts
     D:3: 657 daAuts
     D:4: 345 daAuts
